 Dungeon Crawl Stone Soup version 0.19.0-18-g426998a (webtiles) character file.

324276 Ladykiller69 the Severer (level 22, -19/179 (182) HPs)
             Began as a Formicid Fighter on Nov 11, 2016.
             Was the Champion of Cheibriados.
             Killed from afar by a halazid warlock (66 damage)
             ... with a ghostly fireball
             ... in the Desolation of Salt.
             The game lasted 03:14:13 (32696 turns).

Ladykiller69 the Severer (Formicid Fighter)        Turns: 32696, Time: 03:14:18

HP:   -19/179 (182) AC: 22    Str: 42    XL:     22   Next: 56%
MP:   8/32          EV: 18    Int: 36    God:    Cheibriados [******]
Gold: 1952          SH: 25    Dex: 22    Spells: 1 memorised, 19 levels left

rFire  + + .     SeeInvis +     W - +9 war axe "Nafuru" {drain, Str+5 Int+6 Dex-3}
rCold  + + +     Gourm    .     t - +2 plate armour {rF+}
rNeg   . . .     Faith    .     c - +2 large shield {reflect}
rPois  .         Spirit   .     (helmet unavailable)
rElec  +         Reflect  +     N - +1 cloak {MR+}
rCorr  +         Harm     .     l - +0 pair of gloves of the Beggar {+Inv Regen+ SInv}
MR     +++..                    (no boots)
Stlth  ..........               B - amulet of regeneration
                                R - ring of Pefakkif {rCorr -Tele rElec rC+++ Int-2}
                                i - ring of protection from fire

@: heavily drained, very slow
A: permanent stasis, dig shafts and tunnels, four strong arms, antennae 3
a: Dig, Shaft Self, Bend Time, Temporal Distortion, Slouch, Step From Time,
Renounce Religion, Evoke Invisibility
}: 2/15 runes: decaying, serpentine


You were in the Desolation of Salt.
You worshipped Cheibriados.
Cheibriados was exalted by your worship.
You were not hungry.

You visited 8 branches of the dungeon, and saw 37 of its levels.
You visited the Abyss 1 time.
You also visited: Labyrinth, Ice Cave and Desolation.

You collected 3458 gold pieces.
You spent 1506 gold pieces at shops.

Inventory:

Hand Weapons
 T - a +1 dire flail of protection
 W - the +9 war axe "Nafuru" (weapon) {drain, Str+5 Int+6 Dex-3}
   (You found it on level 3 of the Lair of Beasts)

   A truly terrible weapon, it drains the life of those it strikes.
   It affects your strength (+5).
   It affects your intelligence (+6).
   It affects your dexterity (-3).
Missiles
 C - 3 javelins of penetration
 I - 20 tomahawks (quivered)
 P - 12 javelins
 U - 7 exploding tomahawks
 V - 5 throwing nets
Armour
 c - a +2 large shield of reflection (worn)
 l - the +0 pair of gloves of the Beggar (worn) {+Inv Regen+ SInv}
   (You found it in a labyrinth)

   It lets you see invisible.
   It lets you turn invisible.
   It increases your rate of regeneration.
 t - a +2 plate armour of fire resistance (worn)
 N - a +1 cloak of magic resistance (worn)
Jewellery
 b - an uncursed ring of protection from magic
 i - a ring of protection from fire (left hand)
 v - an uncursed ring of wizardry
 B - an amulet of regeneration (around neck)
 H - the ring of Plog {rPois rC+}
   (You found it in a labyrinth)

   [ring of poison resistance]

   It protects you from cold.
   It protects you from poison.
 R - the ring of Pefakkif (right hand) {rCorr -Tele rElec rC+++ Int-2}
   (You bought it in a shop on level 1 of the Snake Pit)

   [ring of resist corrosion]

   It affects your intelligence (-2).
   It renders you almost immune to cold.
   It insulates you from electricity.
   It prevents most forms of teleportation.
Scrolls
 a - a scroll of holy word
 g - 21 scrolls of remove curse
 m - 4 scrolls of magic mapping
 n - 10 scrolls of amnesia
 y - 5 scrolls of fear
 z - 4 scrolls of recharging
 A - 10 scrolls of identify
 G - 4 scrolls of fog
 Q - 3 scrolls of noise
 Y - 3 scrolls of summoning
Potions
 d - 2 potions of ambrosia
 e - 2 potions of flight
 h - 3 potions of lignification
 j - 6 potions of heal wounds
 o - 9 potions of curing
 p - 3 potions of magic
 q - a potion of resistance
 s - 6 potions of agility
 w - 6 potions of brilliance
 M - a potion of cure mutation
 X - a potion of invisibility
 Z - 6 potions of might
Miscellaneous
 k - a lamp of fire
 r - a fan of gales
 F - a fan of gales
 K - a phantom mirror
Comestibles
 f - 15 bread rations
 x - 19 meat rations


   Skills:
 + Level 17.2(14.2) Fighting
 + Level 19.0(15.8) Axes
 + Level 16.6(13.6) Armour
 + Level 14.0(11.2) Dodging
 - Level 15.3(12.4) Shields
 - Level 14.0(11.2) Invocations


You had 19 spell levels left.
You knew the following spells:

 Your Spells              Type           Power        Failure   Level  Hunger
a - Repel Missiles        Chrm/Air       #.....       65%         2    ###....


Dungeon Overview and Level Annotations

Branches:
Dungeon (15/15)            Temple (1/1) D:6            Lair (6/6) D:8
  Swamp (4/4) Lair:4        Snake (4/4) Lair:3        Slime (0/5) Lair:5
    Orc (2/2) D:12            Elf (1/3) Orc:2        Vaults (4/5) D:13
  Crypt (0/3) Vaults:3     Depths (0/5) D:15

Altars:
Cheibriados
Dithmenos
Fedhas
Kikubaaqudgha
Makhleb
Nemelex Xobeh
Sif Muna
Uskayaw
Yredelemnul
Zin
The Shining One
Beogh
Jiyva

Shops:
D:4 =   D:6 =*==   D:8 [   D:14 :=*[   Orc:2 *[}*   Snake:1 =}=   Snake:2 =
Snake:4 (%?*}   Vaults:1 %(*[   Vaults:2 [   Vaults:4 }

Annotations:
Lair:4 exclusions: electric eel, oklob plant and 5 more exclusions


Innate Abilities, Weirdness & Mutations

You are under a permanent stasis effect.
You can dig through walls and to a lower floor.
Your four strong arms can wield two-handed weapons with a shield.
You have a pair of large antennae on your head. (SInv)


Message History

The halazid warlock casts a spell.
You slash the servant of whispers!
You kill the servant of whispers!
Cheibriados thoroughly appreciates the change of pace.
Your base Axes skill increases to level 19!
The imperial myrmidon dissolves into shadows!
You warp the flow of time around you!
You feel somewhat more hungry.
A saltling comes into view.
The servant of whispers shouts!
You slash the halazid warlock!
The halazid warlock is lightly damaged.
You hit the saltling. You slash the saltling!
You block the saltling's attack. x2
You cut the halazid warlock into ribbons!!!
The halazid warlock is severely damaged.
You hit the saltling but do no damage. x2
You hear a shout!
The halazid warlock points at the saltling and mumbles some strange words.
The saltling's animating energy erupts into ghostly fire!
The ghostly flame explodes!
The ghostly fireball engulfs you!
You feel drained.
You die...

............§§..............
.p...§§..§§§§...............
...§§.§{§§8§....#..........
.8.§§§§§§§8§§§..............
....§§§§§§§§.8..............
....§§§.§§§§#8p..8..........
p........§..................
.....§.§).8L§§§.......
8.##..##...@8§§.....
##..##..#..§§§§§§..
.......#...§§§§§§§
.##...#..§§§§§§§§
..#..#..§.§§§.§ [
.#..#..§§§.§§ [[ ..#...§§...
.. ...§§§


You could see a servant of whispers, a halazid warlock and 4 saltlings.

Vanquished Creatures
  Boris (Vaults:4)
  Vashnia (Snake:3)
  Nikola (Vaults:3)
  An Ice Fiend (IceCv)
  A sphinx (Vaults:2)
  Kirke (Snake:2)
  3 thorn hunters (Swamp:4)
  11 nagarajas (Snake:4)
  A fire giant (Vaults:4)
  4 vault wardens
  A frost giant (Vaults:3)
  9 ironheart preservers
  2 very ugly things (Vaults:2)
  3 stone giants
  Nessos (D:15)
  A deep elf annihilator (Vaults:2)
  Azrael (D:15)
  A halazid warlock (Desolation)
  A dire elephant (Lair:6)
  A deep elf death mage (Vaults:2)
  Josephine (D:15)
  2 ettins
  2 fire dragons (Vaults:2)
  2 ice dragons
  A minotaur (Lab)
  2 great orbs of eyes
  Erolcha (D:11)
  3 yaktaur captains
  Harold (D:10)
  A ghost crab (Swamp:4)
  A rakshasa (D:15)
  9 naga warriors
  21 hydras
  A servant of whispers (Desolation)
  3 vault guards
  3 peacekeepers (Desolation)
  4 anacondas
  8 ogre magi
  A merfolk avatar (Lair:6)
  6 centaur warriors
  The ghost of Britaniac the Thaumaturge, a journeyman GrEE of Vehumet (Lair:1)
  5 death yaks (Lair:6)
  2 catoblepae
  A queen ant (Lair:2)
  3 alligators
  2 deep troll shamans (Vaults:1)
  2 tengu warriors (D:14)
  A deep troll earth mage (Vaults:3)
  3 dancing weapons
  4 orc high priests (Orc:2)
  18 naga sharpshooters
  7 shock serpents
  The ghost of Nicoed the Changer, a novice OpTm of Makhleb (D:9)
  Nergalle (Lair:2)
  2 deep elf knights
  2 shadow wraiths
  17 slime creatures
  3 salamander mystics
  8 skeletal warriors
  3 glowing orange brains
  4 unseen horrors
  2 sea snakes
  A large abomination (Abyss:4)
  11 deep trolls
  2 spriggan druids (Swamp:4)
  11 swamp dragons
  2 deep elf archers (Elf:1)
  2 wizards (D:15)
  3 naga ritualists
  A shambling mangrove (Swamp:3)
  5 hill giants
  9 ironbrand convokers
  Pikel (D:6)
  7 orc knights
  5 harpies (Vaults:1)
  A harpy (shapeshifter) (D:15)
  7 mana vipers
  3 orc sorcerers
  10 deep elf magi
  16 elephants
  16 ugly things
  3 cyclopes
  A manticore (Lair:6)
  A wolf spider (Vaults:3)
  10 salamanders
  An ice statue (IceCv)
  3 centaur zombies
  Maurice (D:8)
  37 black mambas
  9 gargoyles
  14 guardian serpents
  7 vault sentinels
  Psyche (D:8)
  2 molten gargoyles (Desolation)
  21 spiny frogs
  17 naga magi
  2 kobold demonologists
  An efreet (D:12)
  6 freezing wraiths
  2 rime drakes (shapeshifter) (Vaults:2)
  9 komodo dragons
  7 yaktaurs
  9 rime drakes
  6 ice devils (IceCv)
  2 anaconda simulacra (IceCv)
  An ancient zyme (Abyss:4)
  2 golden dragon simulacra (IceCv)
  A troll (Vaults:3)
  6 polar bears
  3 tengu conjurers
  A meliai (shapeshifter) (Vaults:3)
  A wind drake (shapeshifter) (D:15)
  12 hornets
  4 tyrant leeches (Swamp:2)
  A wind drake (Lair:6)
  Prince Ribbit (Lair:3)
  A raiju (shapeshifter) (Vaults:3)
  21 two-headed ogres
  20 dream sheep
  A wolf spider simulacrum (IceCv)
  16 saltlings (Desolation)
  16 hippogriffs
  A hippogriff (shapeshifter) (Vaults:2)
  17 blink frogs
  A meliai zombie (D:15)
  3 bog bodies
  A water elemental (Elf:1)
  A redback (shapeshifter) (Vaults:3)
  2 spriggans
  A vampire (D:13)
  2 redbacks (Lab)
  2 shadows (Lab)
  34 yaks
  4 basilisks
  2 dire elephant simulacra (IceCv)
  5 wraiths
  15 wyverns
  5 hogs (Snake:2)
  2 fire elementals (D:15)
  A neqoxec (Abyss:4)
  27 vampire mosquitoes
  8 hungry ghosts
  4 wargs
  A death yak simulacrum (IceCv)
  10 insubstantial wisps
  22 swamp worms
  2 harpy simulacra (IceCv)
  5 mottled dragons
  37 nagas
  Edmund (D:5)
  3 iron troll simulacra (IceCv)
  22 soldier ants
  3 hydra simulacra (IceCv)
  11 water moccasins
  3 hell hounds (D:15)
  4 sky beasts
  6 swamp drakes
  15 porcupines
  2 black bears
  36 orc warriors
  An ettin simulacrum (IceCv)
  5 phantoms
  2 ice beasts
  13 wolves
  12 boggarts
  An eye of draining (D:9)
  39 ogres
  19 centaurs
  9 crocodiles
  Blork the orc (Orc:2)
  5 big kobolds
  18 bullfrogs
  A gnoll sergeant (Orc:2)
  A wyvern zombie (D:9)
  A swamp dragon simulacrum (IceCv)
  A water moccasin skeleton (D:7)
  4 scorpions
  8 killer bees (D:13)
  An elephant simulacrum (IceCv)
  12 wights
  An electric eel (Lair:4)
  8 crimson imps
  4 bullfrog zombies
  A quasit (D:8)
  5 draconian simulacra (IceCv)
  34 orc priests
  5 jellies
  A bullfrog skeleton (D:8)
  12 hounds
  5 centaur skeletons
  4 iguanas
  37 orc wizards
  A spriggan simulacrum (IceCv)
  A troll simulacrum (IceCv)
  33 worker ants
  A killer bee zombie (D:10)
  A polar bear simulacrum (IceCv)
  A centaur simulacrum (IceCv)
  18 adders
  7 gnolls
  A naga simulacrum (IceCv)
  3 ogre simulacra (IceCv)
  A shadow imp (D:12)
  4 white imps (IceCv)
  5 ufetubi (IceCv)
  An ooze (D:1)
  An adder zombie (D:7)
  3 adder skeletons
  4 worms
  3 dart slugs
  6 leopard geckos
  103 orcs
  5 giant cockroaches
  2 goblins
  10 hobgoblins
  7 jackals
  3 quokkas
  7 bats
  4 frilled lizards
  25 kobolds
  A leopard gecko skeleton (D:6)
  10 rats
  10 briar patches (Swamp:4)
  6 fungi
  3 pillars of salt (Elf:1)
  5 plants
1492 creatures vanquished.

Vanquished Creatures (others)
  A nagaraja (Snake:4)
  A stone giant (Vaults:2)
  2 centaur warriors
  3 naga sharpshooters
  An orb spider (shapeshifter) (D:15)
  A cyclops (D:14)
  2 yaktaurs
  2 saltlings (Desolation)
  A meliai simulacrum (D:15)
  A black bear (D:6)
  5 centaurs
  A jelly (D:15)
  An orc priest (D:11)
  An iguana (D:6)
  An ooze (D:6)
  A kobold (D:7)
  3 briar patches (Swamp:4)
  10 fungi
  15 plants
53 creatures vanquished.

Grand Total: 1545 creatures vanquished

Notes
Turn   | Place    | Note
-------+----------+-------------------------------------------
     0 | D:1      | Ladykiller69 the Formicid Fighter began the quest for the Orb.
     0 | D:1      | Reached XP level 1. HP: 18/18 MP: 1/1
   412 | D:1      | Reached XP level 2. HP: 24/24 MP: 2/2
   706 | D:1      | Reached XP level 3. HP: 29/29 MP: 3/3
  1306 | D:2      | Reached XP level 4. HP: 34/37 MP: 4/4
  1437 | D:2      | Found a sparkling altar of Nemelex Xobeh.
  1986 | D:3      | Found a sparkling altar of Nemelex Xobeh.
  2285 | D:4      | Noticed a phantom
  2319 | D:4      | Killed a phantom
  2319 | D:4      | Reached skill level 3 in Axes
  2319 | D:4      | Reached XP level 5. HP: 40/42 MP: 5/5
  2590 | D:4      | Noticed an ogre
  2591 | D:4      | Found Gygufet's Jewellery Shoppe.
  2917 | D:5      | Entered Level 5 of the Dungeon
  2941 | D:5      | Reached XP level 6. HP: 35/49 MP: 6/6
  3032 | D:5      | Noticed Edmund
  3044 | D:5      | You fall through a shaft for 2 floors!
  3044 | D:7      | Found a deep blue altar of Sif Muna.
  3223 | D:7      | Found a glowing silver altar of Zin.
  3235 | D:7      | Noticed a hippogriff
  3249 | D:7      | Noticed an orc warrior
  3266 | D:6      | Killed a hippogriff
  3266 | D:6      | Reached skill level 5 in Fighting
  3266 | D:6      | Reached skill level 4 in Axes
  3266 | D:6      | Reached skill level 5 in Shields
  3266 | D:6      | Reached XP level 7. HP: 13/56 MP: 7/7
  3597 | D:7      | Reached skill level 5 in Axes
  3997 | D:4      | Reached skill level 6 in Axes
  3997 | D:4      | Reached XP level 8. HP: 45/62 MP: 8/8
  4267 | D:5      | Killed Edmund
  4559 | D:5      | You fall through a shaft for 2 floors!
  4879 | D:7      | You fall through a shaft for 2 floors!
  4879 | D:9      | Noticed Nicoed's ghost (novice OpTm)
  5122 | D:8      | Found a staircase to the Lair.
  5152 | D:8      | Reached skill level 7 in Axes
  5181 | D:8      | Noticed a hippogriff
  5229 | D:7      | Noticed a kobold demonologist
  5254 | D:8      | Found Rudivobe's Antique Armour Emporium.
  5402 | D:8      | Killed a hippogriff
  5648 | D:8      | Noticed Maurice
  5666 | D:8      | Noticed a wyvern
  5691 | D:7      | Killed a wyvern
  5691 | D:7      | Reached skill level 8 in Axes
  5694 | D:7      | You fall through a shaft for 2 floors!
  5713 | D:9      | Reached XP level 9. HP: 8/68 MP: 9/9
  6190 | D:9      | Noticed a two-headed ogre
  6264 | D:9      | Found a glowing golden altar of the Shining One.
  6324 | D:7      | Reached skill level 9 in Axes
  6349 | D:7      | Killed a kobold demonologist
  7050 | D:5      | Reached skill level 10 in Axes
  7348 | D:6      | Found Ymerreull's Jewellery Emporium.
  7352 | D:6      | Found Pohon's Jewellery Emporium.
  7352 | D:6      | Found Qotiwk's Assorted Antiques.
  7353 | D:6      | Noticed Pikel
  7372 | D:6      | Reached XP level 10. HP: 63/74 MP: 10/10
  7383 | D:6      | Killed Pikel
  7383 | D:6      | Reached skill level 1 in Dodging
  7394 | D:6      | Found Boercha's Jewellery Emporium.
  7413 | D:6      | Bought a scroll labeled HEMA JO LOFESI for 29 gold pieces
  7743 | D:6      | Reached skill level 5 in Armour
  7866 | D:7      | Found a blossoming altar of Fedhas.
  7866 | D:7      | Found a burning altar of Makhleb.
  7878 | D:7      | Found a hide-covered altar of Uskayaw.
  7880 | D:7      | Found a faded altar of an unknown god.
  7882 | D:7      | Found a faded altar of an unknown god.
  8234 | D:6      | Found a staircase to the Ecumenical Temple.
  8310 | Temple   | Entered the Ecumenical Temple
  8329 | Temple   | Became a worshipper of Cheibriados the Contemplative
  8731 | D:7      | Reached skill level 11 in Axes
  9037 | D:7      | Reached * piety under Cheibriados
  9832 | D:8      | Bought an embroidered cloak for 346 gold pieces
  9874 | D:8      | Reached skill level 1 in Invocations
  9913 | D:8      | Reached ** piety under Cheibriados
 10022 | D:8      | Noticed Psyche
 10032 | D:8      | Killed Psyche
 10032 | D:8      | Reached XP level 11. HP: 70/83 MP: 10/12
 10327 | D:8      | Killed Maurice
 10482 | D:9      | Killed Nicoed's ghost
 10578 | D:9      | Found a shadowy altar of Dithmenos.
 10650 | D:9      | Reached skill level 12 in Axes
 10872 | D:10     | Entered Level 10 of the Dungeon
 10882 | D:10     | Reached *** piety under Cheibriados
 11240 | D:10     | Noticed Harold
 11240 | D:10     | Noticed a centaur warrior
 11246 | D:10     | Killed a centaur warrior
 11260 | D:10     | Killed Harold
 11451 | D:10     | Noticed a hill giant
 11467 | D:10     | Killed a hill giant
 11467 | D:10     | Reached skill level 5 in Invocations
 11467 | D:10     | Reached XP level 12. HP: 90/92 MP: 15/15
 11616 | D:11     | Noticed an eight-headed hydra
 11625 | D:11     | Killed an eight-headed hydra
 11773 | D:11     | Noticed Erolcha
 11789 | D:11     | Killed Erolcha
 11789 | D:11     | Reached skill level 5 in Dodging
 11848 | D:11     | Reached **** piety under Cheibriados
 12001 | D:11     | Reached skill level 13 in Axes
 12269 | Lair:1   | Entered Level 1 of the Lair of Beasts
 12805 | Lair:1   | Reached ***** piety under Cheibriados
 13083 | Lair:1   | Noticed Britaniac's ghost (journeyman GrEE)
 13091 | Lair:1   | Killed Britaniac's ghost
 13114 | Lair:2   | Reached XP level 13. HP: 101/101 MP: 17/17
 13413 | Lair:2   | Reached skill level 14 in Axes
 13689 | Lair:2   | Reached ****** piety under Cheibriados
 13874 | Lair:2   | Noticed Nergalle
 13887 | Lair:2   | Killed Nergalle
 14219 | Lair:3   | Found a labyrinth entrance.
 14241 | Lab      | Entered a labyrinth
 14383 | Lab      | Reached skill level 10 in Fighting
 14726 | Lab      | Noticed a minotaur
 14734 | Lab      | Killed a minotaur
 14736 | Lab      | Identified Sif Muna's Volume of Ashen Weightlessness
 14766 | Lab      | Got a pair of shimmering gloves
 14772 | Lab      | Identified the +0 pair of gloves of the Beggar {+Inv Regen+ SInv} (You found it in a labyrinth)
 14784 | Lab      | Got a twisted scale mail
 14795 | Lab      | Identified the cursed +0 scale mail "Koulludgh" {rC- rN+ Regen+ Str+4} (You found it in a labyrinth)
 14795 | Lab      | Got a bound jade ring
 14797 | Lab      | Identified the ring of Plog {rPois rC+} (You found it in a labyrinth)
 14900 | Lair:3   | Noticed Prince Ribbit
 14905 | Lair:3   | Reached XP level 14. HP: 110/110 MP: 20/20
 14905 | Lair:3   | Killed Prince Ribbit
 14936 | Lair:3   | Got an encrusted war axe
 14937 | Lair:3   | Identified the +9 war axe "Nafuru" {drain, Str+5 Int+6 Dex-3} (You found it on level 3 of the Lair of Beasts)
 15037 | Lair:3   | Identified a +7 rod of ignition (14/14) (You found it in a labyrinth)
 15153 | Lair:3   | Found a staircase to the Snake Pit.
 15326 | Lair:4   | Reached skill level 10 in Armour
 15399 | Lair:4   | Found a staircase to the Swamp.
 15580 | Lair:4   | Learned a level 2 spell: Repel Missiles
 15953 | Lair:4   | Reached skill level 15 in Axes
 16007 | Lair:5   | Found a viscous altar of Jiyva.
 16022 | Lair:5   | Reached XP level 15. HP: 117/117 MP: 20/23
 16023 | Lair:5   | Reached XP level 16. HP: 124/124 MP: 20/26
 16145 | Lair:5   | Found a staircase to the Slime Pits.
 16477 | Lair:6   | Entered Level 6 of the Lair of Beasts
 17238 | Lair:6   | Reached XP level 17. HP: 87/133 MP: 27/27
 17739 | D:12     | Found a staircase to the Orcish Mines.
 17751 | Orc:1    | Entered Level 1 of the Orcish Mines
 18122 | Orc:2    | Entered Level 2 of the Orcish Mines
 18202 | Orc:2    | Found a staircase to the Elven Halls.
 18247 | Orc:2    | Found a roughly hewn altar of Beogh.
 18389 | Orc:2    | Found Qugg's Food Boutique.
 18389 | Orc:2    | Found Zoschaun's Antique Armour Shop.
 18390 | Orc:2    | Found Kipsallu's Gadget Shop.
 18393 | Orc:2    | Found Jodul's General Store.
 18399 | Orc:2    | Bought a scroll of identify for 34 gold pieces
 18588 | Orc:2    | Noticed Blork the orc
 18596 | Orc:2    | Killed Blork the orc
 18626 | Orc:2    | Found Bashriat's General Store.
 19684 | D:13     | Found a gate to the Vaults.
 19781 | D:13     | You fall through a shaft for 2 floors!
 19781 | D:15     | Entered Level 15 of the Dungeon
 19850 | D:14     | Found Hafaa's Armour Shop.
 19943 | D:14     | Reached skill level 16 in Axes
 20560 | D:14     | Found Xopsyr Rerpho's Book Shop.
 20839 | D:14     | Found Sipen's Assorted Antiques.
 20845 | D:14     | Reached skill level 10 in Dodging
 20851 | D:14     | Bought a potion of agility for 84 gold pieces
 20910 | D:14     | Found Coutant's Jewellery Shoppe.
 21047 | D:15     | Noticed Azrael
 21056 | D:15     | Killed Azrael
 21100 | D:15     | Reached XP level 18. HP: 97/143 MP: 28/28
 21168 | D:15     | Found a staircase to the Depths.
 21233 | D:15     | Noticed Josephine
 21236 | D:15     | Killed Josephine
 21257 | D:15     | Got a crude cloak
 21268 | D:15     | Identified the +5 cloak "Ytenwiz" {rPois rF+ rC-} (You found it on level 15 of the Dungeon)
 21493 | D:15     | Noticed Nessos
 21512 | D:15     | Killed Nessos
 22008 | Snake:1  | Entered Level 1 of the Snake Pit
 22173 | Snake:1  | Found Wanoaz's Jewellery Boutique.
 22173 | Snake:1  | Found Jacor's Gadget Shoppe.
 22174 | Snake:1  | Found Gosepp's Jewellery Boutique.
 22481 | Snake:1  | Bought the ring of Pefakkif {rCorr -Tele rElec rC+++ Int-2} for 947 gold pieces
 22796 | Snake:2  | Found Adumaq's Jewellery Boutique.
 22821 | Snake:2  | Noticed Kirke
 22976 | Snake:2  | Reached skill level 17 in Axes
 23318 | Snake:2  | Killed Kirke
 23438 | Snake:3  | Cast into level 3 of the Abyss (a Zot trap)
 23494 | Abyss:4  | Found a corrupted altar of Lugonu.
 23536 | Abyss:4  | Reached XP level 19. HP: 153/153 MP: 29/29
 23549 | Abyss:4  | Noticed a bone dragon
 23553 | Snake:3  | Escaped the Abyss
 23637 | Snake:3  | Found a burning altar of Makhleb.
 23690 | Snake:3  | Found a frozen archway.
 23697 | IceCv    | Entered an ice cave
 23984 | IceCv    | Noticed an Ice Fiend
 24035 | IceCv    | Killed an Ice Fiend
 24198 | Snake:3  | Noticed Vashnia
 24521 | Snake:3  | Reached skill level 10 in Shields
 24633 | Snake:3  | Killed Vashnia
 24662 | Snake:4  | Entered Level 4 of the Snake Pit
 24683 | Snake:4  | Found Xuch's Gadget Shop.
 24825 | Snake:4  | Found Epinwaib's General Store.
 24914 | Snake:4  | Found Wuyjuqeh's Antique Weapon Emporium.
 24925 | Snake:4  | Reached skill level 15 in Fighting
 25061 | Snake:4  | Found Helop's Magic Scroll Boutique.
 25106 | Snake:4  | Bought a scroll of magic mapping for 66 gold pieces
 25425 | Snake:4  | Got a serpentine rune of Zot
 25450 | Snake:4  | Reached XP level 20. HP: 118/162 MP: 30/30
 25668 | Snake:4  | Found Zazoalepn's Food Boutique.
 26100 | Swamp:1  | Entered Level 1 of the Swamp
 26468 | Vaults:1 | Entered Level 1 of the Vaults
 26502 | Vaults:1 | Found Lethrykko's Food Boutique.
 26531 | Vaults:1 | Found Faomuof's Antique Weapon Shop.
 26741 | Vaults:1 | Reached skill level 15 in Armour
 27069 | Vaults:1 | Found Guobruit's Armour Shop.
 27169 | Vaults:1 | Found Pusibyej's Assorted Antiques.
 27392 | Vaults:2 | Reached skill level 18 in Axes
 27513 | Vaults:2 | Reached XP level 21. HP: 157/170 MP: 31/31
 27546 | Vaults:2 | Found Zucir's Armour Shoppe.
 28852 | Vaults:3 | Noticed Nikola
 28867 | Vaults:3 | Killed Nikola
 29047 | Vaults:3 | Reached skill level 15 in Shields
 29522 | Vaults:3 | Found a basalt altar of Yredelemnul.
 29524 | Vaults:3 | Found a staircase to the Crypt.
 29525 | Vaults:3 | Found an ancient bone altar of Kikubaaqudgha.
 29604 | Vaults:4 | Noticed Boris
 29611 | Vaults:4 | Killed Boris
 29726 | Vaults:4 | Found Wietik's Gadget Shoppe.
 30758 | Swamp:2  | Reached XP level 22. HP: 173/180 MP: 32/32
 31394 | Swamp:4  | Entered Level 4 of the Swamp
 31874 | Swamp:4  | Got a decaying rune of Zot
 32504 | Elf:1    | Entered Level 1 of the Elven Halls
 32585 | Elf:1    | Found a ruined gateway.
 32596 | Desolati | Entered the Desolation of Salt
 32694 | Desolati | Reached skill level 19 in Axes
 32696 | Desolati | Killed from afar by a halazid warlock

Skill      XL: |  1  2  3  4  5  6  7  8  9 10 11 12 13 14 15 16 17 18 19 20 21 22 |
---------------+-------------------------------------------------------------------+-----
Shields        | 4 5 6 7 9 11 14 15 | 15.3
Armour         | 4 6 7 8 9 10 11 12 13 14 15 16 | 16.6
Fighting       | 4 5 6 7 9 10 11 13 14 15 16 17 | 17.2
Axes           | 3 4 6 8 10 11 12 13 14 15 16 17 18 19 | 19.0
Dodging        | 3 4 5 7 8 10 11 12 13 14 | 14.0
Invocations    | 1 5 6 8 11 13 14 | 14.0

Action                   |  1- 3 |  4- 6 |  7- 9 | 10-12 | 13-15 | 16-18 | 19-21 | 22-24 || total
-------------------------+-------+-------+-------+-------+-------+-------+-------+-------++-------
Melee: War axe           |   102 |   142 |   431 |   835 |   565 |  1253 |  1169 |   167 ||  4664
       Dire flail        |       |       |       |     5 |       |     6 |   142 |   235 ||   388
       Unarmed           |       |       |       |       |       |    37 |       |       ||    37
       Scimitar          |       |       |       |       |       |    26 |    15 |       ||    41
Throw: Stone             |       |       |     3 |     5 |       |       |       |       ||     8
       Tomahawk          |       |       |       |     7 |       |     9 |    11 |       ||    27
 Cast: Repel Missiles    |       |       |       |       |     1 |     3 |       |       ||     4
Invok: Slouch            |       |       |       |       |       |     3 |       |     3 ||     6
       Step From Time    |       |       |       |       |       |     2 |     3 |     1 ||     6
       Temporal Distorti |       |       |       |       |       |       |     1 |     3 ||     4
       Bend Time         |       |       |       |       |       |       |       |     1 ||     1
 Abil: Dig               |     1 |     4 |    16 |    17 |    10 |    32 |    25 |     1 ||   106
       Shaft Self        |       |     1 |     3 |       |       |       |       |       ||     4
  Use: Potion            |       |     1 |     1 |       |     3 |     1 |     1 |       ||     7
       Scroll            |       |       |       |    12 |     8 |    14 |     4 |     1 ||    39
 Stab: Distracted        |       |       |       |       |     2 |       |       |       ||     2
       Petrified         |       |       |       |       |       |     3 |       |       ||     3
       Confused          |       |       |       |       |       |       |       |     1 ||     1
  Eat: Chunk             |     2 |     7 |    14 |    14 |     4 |    18 |     7 |     3 ||    69
       Pizza             |       |       |     1 |       |     1 |       |     1 |       ||     3
       Fruit             |       |       |     2 |     2 |     4 |     2 |       |     2 ||    12
       Beef jerky        |       |       |       |     1 |       |       |     4 |       ||     5
       Meat ration       |       |       |       |       |     1 |       |       |       ||     1
       Royal jelly       |       |       |       |       |       |       |     2 |       ||     2
       Bread ration      |       |       |       |       |       |       |       |     1 ||     1
Armor: Scale mail        |    50 |    35 |   129 |    15 |     1 |       |       |       ||   230
       Skin              |       |       |     4 |       |       |       |       |       ||     4
       Plate armour      |       |       |       |   119 |    69 |   228 |   209 |   159 ||   784
Dodge: Dodged            |    27 |    44 |   127 |   113 |   109 |   389 |   415 |   255 ||  1479
       Deflected         |       |       |       |       |       |     5 |       |       ||     5
Block: Shield            |    58 |    71 |   253 |   559 |   435 |  1126 |  1066 |       ||  3568
       Reflection        |       |       |       |    23 |     9 |    93 |   128 |    13 ||   266
       Other             |       |       |       |       |       |    13 |       |       ||    13
       Large shield      |       |       |       |       |       |       |   290 |   500 ||   790
       Rpst.: Scimitar   |       |       |       |       |       |     5 |     1 |       ||     6
